 Dungeon Crawl Stone Soup version 0.28-a0-537-g3bccd9ccbf (webtiles) character file.

Game seed: 14264276553261503259

77 ragingrage the Poker (level 4, -4/34 (35) HPs)
             Began as a Demonspawn Chaos Knight on Sept 27, 2021.
             Was a Plaything of Xom.
             Slain by Crazy Yiuf (13 damage)
             ... on level 2 of the Dungeon.
             The game lasted 00:01:28 (1120 turns).

ragingrage the Poker (Demonspawn Chaos Knight)      Turns: 1120, Time: 00:01:29

HP:   -4/34 (35)    AC:  6    Str: 14    XL:     4   Next: 13%
MP:   4/4           EV: 11    Int: 13    God:    Xom [..*...]
Gold: 32            SH:  4    Dex: 12    Spells: 3/3 levels left

rFire   . . .      SeeInvis .   a - +0 spear (chaos)
rCold   . . .      Faith    .   (no shield)
rNeg    . . .      Spirit   .   b - +2 leather armour
rPois   .          Reflect  .   j - +0 helmet
rElec   .          Harm     .   (no cloak)
rCorr   .          Rampage  .   (no gloves)
Will    .....                   (no boots)
Stlth   +.........              (no amulet)
HPRegen 0.11/turn               (no ring)
MPRegen 0.09/turn               (no ring)

@: lethally poisoned (-4 -> -5), lightly drained
A: large bone plates 1, ignite blood 1, demonic magic 1
a: Renounce Religion


You were on level 2 of the Dungeon.
You worshipped Xom.
You were a toy of Xom.
You visited 1 branch of the dungeon, and saw 2 of its levels.

You collected 32 gold pieces.

Inventory:

Hand Weapons
 a - a +0 spear of chaos (weapon)
Armour
 b - a +2 leather armour (worn)
 j - a +0 helmet (worn)
Jewellery
 e - a ring of flight
Scrolls
 f - 4 scrolls of identify {unknown}
 i - a scroll of summoning {unknown}
 k - a scroll of enchant weapon {unknown}
 l - a scroll of acquirement {unknown}
Potions
 c - a potion of degeneration {unknown}
 d - a potion of heal wounds {unknown}
 g - a potion of experience {unknown}
 h - a potion of might {unknown}


   Skills:
 - Level 3.0 Fighting
 * Level 4.5 Polearms
 - Level 1.7 Armour
 - Level 0.8 Dodging


You had 3 spell levels left.
You didn't know any spells.
Your spell library contained the following spells:

 Spells                   Type           Power      Damage    Failure   Level
 Freezing Cloud           Conj/Ice/Air   0%         6-21      100%        5
 Simulacrum               Ice/Necr       0%         N/A       100%        6
 Polar Vortex             Ice            0%         N/A       100%        9


Dungeon Overview and Level Annotations

Branches:
Dungeon (2/15)

Altars:

Annotations:
D:2 Crazy Yiuf


Innate Abilities, Weirdness & Mutations

You are partially covered in large bone plates. (SH +4)
Your demonic aura sometimes causes spilled blood to erupt in flames.
Spells you cast may paralyse adjacent enemies.


Message History

Crazy Yiuf cries, "You leg down broken song, no?"
You hit Crazy Yiuf. You freeze Crazy Yiuf.
Crazy Yiuf is heavily wounded.
Crazy Yiuf barely misses you.
You hit Crazy Yiuf but do no damage.
Crazy Yiuf is heavily wounded.
Crazy Yiuf says, "The present is the child, and the necessary child, of all the past, and the mother of all the future."
Crazy Yiuf hits you with a +3 quarterstaff of chaos.
You are poisoned.
You barely miss Crazy Yiuf.
Crazy Yiuf is heavily wounded.
You feel sick. Crazy Yiuf barely misses you.
You barely miss Crazy Yiuf.
Crazy Yiuf is heavily wounded.
You feel sick. Crazy Yiuf closely misses you.
You hit Crazy Yiuf. You freeze Crazy Yiuf.
Crazy Yiuf is severely wounded.
You feel sick.
Crazy Yiuf shuffles his notes under his cloak.
You block Crazy Yiuf's attack.
You hit Crazy Yiuf but do no damage.
Crazy Yiuf is severely wounded.
You hit Crazy Yiuf.
Crazy Yiuf is poisoned.
Crazy Yiuf is almost dead.
You feel sick.
Crazy Yiuf says, "Reason is nothing but a wonderful and unintelligible Instinct in our souls."
Crazy Yiuf closely misses you.
You hit Crazy Yiuf but do no damage.
Crazy Yiuf is almost dead.
You feel sick.
Crazy Yiuf hits you with a +3 quarterstaff of chaos!
You feel drained.
* * * LOW HITPOINT WARNING * * *
You are too injured to fight recklessly!
You hit Crazy Yiuf but do no damage.
Crazy Yiuf is almost dead.
You feel sick.
Crazy Yiuf hits you with a +3 quarterstaff of chaos!
You die...

#######
#########...#.### ###
.....##§§§§§§#.○##...#
.....#§§....####@g...#
.....§..#..## ###..)#
........#### ###
........# ####....#
##### #....######
#.... #.........#####.
#....
#................
#..>.
#.........#####..
#....


You could see Crazy Yiuf (very poisoned).

Vanquished Creatures
  2 adders (D:2)
  4 dart slugs
  2 bats (D:1)
  4 endoplasms
  2 giant cockroaches (D:1)
  4 goblins
  7 hobgoblins
  3 jackals
  A quokka (D:1)
  3 ball pythons (D:2)
  2 frilled lizards (D:2)
  5 kobolds
  5 rats
44 creatures vanquished.

Vanquished Creatures (collateral kills)
  A dart slug (D:1)
  A bat (D:1)
  A frilled lizard (D:1)
3 creatures vanquished.

Grand Total: 47 creatures vanquished

Notes
Turn   | Place    | Note
-------+----------+-------------------------------------------
     0 | D:1      | ragingrage the Demonspawn Chaos Knight began the quest for
                  | the Orb.
     0 | D:1      | Reached XP level 1. HP: 18/18 MP: 1/1
    29 | D:1      | XOM: silly message
    66 | D:1      | Reached skill level 3 in Polearms
   189 | D:1      | Gained mutation: Spells you cast may paralyse adjacent
                  | enemies. [demonic ancestry]
   189 | D:1      | Reached XP level 2. HP: 24/24 MP: 2/2
   284 | D:1      | Found a faded altar of an unknown god.
   460 | D:1      | Gained mutation: You are partially covered in large bone
                  | plates. (SH +4) [demonic ancestry]
   460 | D:1      | Reached XP level 3. HP: 29/29 MP: 3/3
   494 | D:1      | Reached skill level 4 in Polearms
  1037 | D:2      | Gained mutation: Your demonic aura sometimes causes spilled
                  | blood to erupt in flames. [demonic ancestry]
  1037 | D:2      | Reached XP level 4. HP: 31/35 MP: 4/4
  1081 | D:2      | XOM: cloud trail
  1107 | D:2      | Found a runed translucent door.
  1108 | D:2      | Noticed Crazy Yiuf
  1120 | D:2      | Slain by Crazy Yiuf

Illustrated notes

Levels and vault maps discovered:
D:1:      erik_arrival_orb_chamber, layout_rooms,
          hellmonk_ecumenical_altar_blasted, st_stairs_11,
          minmay_split_cup_large
D:2:      layout_basic, uniq_crazy_yiuf_cottage

Skill      XL: |  1  2  3 |
---------------+----------+-----
Polearms       | 3 4 |  4.5
Fighting       | |  3.0
Armour         | |  1.7
Dodging        | |  0.8

Action                   |  1- 3 |  4- 6 || total
-------------------------+-------+-------++-------
Melee: Spear             |   109 |    13 ||   122
 Stab: Sleeping          |     1 |       ||     1
       Confused          |     1 |       ||     1
Armor: Leather armour    |    20 |     1 ||    21
Dodge: Dodged            |    39 |     6 ||    45
Block: Other             |     6 |     1 ||     7

Table legend: (Time is in decaauts)
 A = Elapsed time spent in this place.
 B = Non-inter-level travel time spent in this place.
 C = Inter-level travel time spent in this place.
 D = Time resting spent in this place.
 E = Time spent auto-exploring this place.
 F = Levels seen in this place.
 G = Mean time per level.
                   A        B        C        D        E       F      G
               +--------+--------+--------+--------+--------+-----+--------+
         Total |   1108 |   1074 |     34 |      0 |    834 |   2 |  554.0 |
       Dungeon |   1108 |   1074 |     34 |      0 |    834 |   2 |  554.0 |
               +--------+--------+--------+--------+--------+-----+--------+

Top non-repeatable levels by time:
     D:1: 601 daAuts
     D:2: 507 daAuts
